 Dungeon Crawl Stone Soup version 0.28-a0-863-g8cecda6153 (webtiles) character file.

Game seed: 6699969290905120182

7879 kae the Martial Artist (level 11, -6/109 HPs)
             Began as a Purple Draconian Transmuter on Nov 18, 2021.
             Was a Follower of Ru.
             Engulfed by a steam dragon's steam (14 damage)
             ... on level 10 of the Dungeon.
             The game lasted 00:08:15 (13697 turns).

kae the Martial Artist (DrTm)                      Turns: 13697, Time: 00:08:15

Health: -6/109     AC: 12    Str: 12    XL:     11   Next: 2%
Magic:  19/21      EV: 13    Int: 16    God:    Ru [*.....]
Gold:   422        SH:  0    Dex: 19    Spells: 16/24 levels left

rFire   x . .      SeeInvis .     - Unarmed
rCold   + + +      Faith    .   (shield currently unavailable)
rNeg    . . .      Spirit   .   (armour unavailable)
rPois   +          Reflect  .   (helmet currently unavailable)
rElec   .          Harm     .   (cloak currently unavailable)
rCorr   .          Rampage  .   (gloves currently unavailable)
Will    +....                   (boots currently unavailable)
Stlth   ++........              (no amulet)
HPRegen 0.28/turn               w - +6 ring of dexterity
MPRegen 0.17/turn               B - ring of Soch {Fly AC+4}

@: ice-form, flying, unable to read
A: freezing attack, amphibious, boosted hp, (breathe power), AC +7, large,
unfitting armour, (cold-blooded), inability to read while threatened
a: End Transformation, Renounce Religion


You were on level 10 of the Dungeon.
You worshipped Ru.
Ru was aware of your devotion.
You were a creature of crystalline ice.
You visited 2 branches of the dungeon, and saw 11 of its levels.

You collected 422 gold pieces.

Inventory:

Hand Weapons
 c - a +4 dagger of speed (melded)
Missiles
 j - a throwing net
Armour
 e - a +0 pair of boots (melded)
 v - a +0 cloak (melded)
Jewellery
 h - a +6 ring of intelligence
 k - an amulet of faith
 q - a ring of fire
 w - a +6 ring of dexterity (left front paw)
 A - a ring of protection from cold
 B - the ring of Soch (right front paw) {Fly AC+4}
   (You acquired it on level 8 of the Dungeon)

   [ring of protection]

   AC:        It affects your AC (+4).
   Fly:       It grants you flight.
Wands
 a - a wand of iceblast (13)
 n - a wand of flame (19)
 y - a wand of polymorph (8)
 E - a wand of digging (5)
Scrolls
 r - a scroll of immolation
 t - 2 scrolls of teleportation
 u - 3 scrolls of enchant weapon
 x - 3 scrolls of amnesia
 F - 2 scrolls of identify
Potions
 b - 2 potions of haste
 d - 2 potions of mutation
 f - 2 potions of magic
 g - a potion of degeneration
 i - 2 potions of ambrosia
 l - 2 potions of lignification
 o - a potion of might
 p - 2 potions of cancellation {unknown}
 s - a potion of brilliance {unknown}
 z - 4 potions of attraction {unknown}
 C - a potion of resistance {unknown}
 D - a potion of heal wounds {unknown}


   Skills:
 + Level 6.6 Fighting
 + Level 5.8 Dodging
 * Level 9.3 Unarmed Combat
 + Level 7.1 Spellcasting
 * Level 9.0 Transmutations
 - Level 5.0 Ice Magic
 - Level 1.5 Poison Magic


You had 16 spell levels left.
You knew the following spells:

 Your Spells              Type           Power      Damage    Failure   Level
a - Beastly Appendage     Tmut           68%        N/A       1%          1
b - Spider Form           Tmut/Pois      22%        N/A       4%          3
c - Ice Form              Ice/Tmut       28%        N/A       7%          4

Your spell library contained the following spells:

 Spells                   Type           Power      Damage    Failure   Level
 Wereblood                Tmut           34%        N/A       1%          2
 Passwall                 Tmut/Erth      16%        N/A       3%          2
 Frozen Ramparts          Ice            42%        1d6       4%          3
 Ensorcelled Hibernation  Hex/Ice        26%        N/A       7%          2
 Ignite Poison            Fire/Tmut/Pois 16%        N/A       9%          3
 Slow                     Hex            20%        N/A       12%         1
 Confusing Touch          Hex            5%         N/A       36%         3
 Conjure Flame            Conj/Fire      5%         6-21      36%         3
 Summon Guardian Golem    Hex/Summ       5%         N/A       36%         3
 Swiftness                Air            5%         N/A       36%         3
 Hailstorm                Conj/Ice       13%        3d5       41%         4
 Summon Ice Beast         Ice/Summ       13%        N/A       41%         4
 Yara's Violent Unravell  Hex/Tmut       10%        3d6       47%         5
 Sticky Flame             Conj/Fire      5%         2d3       77%         4
 Simulacrum               Ice/Necr       6%         N/A       100%        6
 Orb of Destruction       Conj           2%         9d1       100%        7
 Spellforged Servitor     Conj/Summ      2%         N/A       100%        7


Dungeon Overview and Level Annotations

Branches:
Dungeon (10/15)            Temple (1/1) D:6
   Lair: D:8-11         Orc: D:9-12

Altars:
Ashenzari
Cheibriados
Dithmenos
Elyvilon
Fedhas
Gozag
Hepliaklqana
Kikubaaqudgha
Makhleb
Nemelex Xobeh
Okawaru
Qazlal
Ru
Sif Muna
Trog
Uskayaw
Vehumet
Wu Jian
Xom
Yredelemnul
Zin
The Shining One

Annotations:
D:4 1 runed translucent door, DEFE's ghost, amateur DECA
D:8 3 runed translucent doors, olaf's ghost, novice GnFi


Innate Abilities, Weirdness & Mutations

You are a creature of crystalline ice.
You have a powerful freezing melee attack.
You are amphibious.
Your maximum health is increased.
Your armour is entirely melded.
You are incapable of wielding weapons or throwing items.
((You can breathe bolts of dispelling energy.))
((Your rich purple scales are hard. (AC +7)))
You cannot fit into any form of body armour.
((You are cold-blooded and may be slowed by cold attacks.))
You sometimes lose the ability to read scrolls when taking damage.


Message History

The acid dragon claws you but does no damage.
You hit the acid dragon. You freeze the acid dragon.
The acid dragon is almost dead.
The acid dragon bites you but does no damage.
The acid dragon misses you.
You punch the acid dragon! You freeze the acid dragon.
You kill the acid dragon!
A steam dragon comes into view.
The steam dragon hisses angrily.
A steam dragon is nearby!
You are too injured to fight recklessly!
You are too injured to fight recklessly!
You redirect the steam dragon's attack!
The steam dragon bites itself.
The steam dragon completely misses itself.
You barely miss the steam dragon.
The steam dragon is lightly wounded.
You can read scrolls again.
The steam dragon breathes steam at you. The ball of steam hits you!!
The steam scalds you terribly!
You feel threatened and lose the ability to read scrolls!
You hit the steam dragon but do no damage.
You are engulfed in a cloud of scalding steam.
The steam dragon barely misses you. The steam dragon closely misses you.
You hit the steam dragon but do no damage.
You are engulfed in a cloud of scalding steam.
* * * LOW HITPOINT WARNING * * *
The steam dragon closely misses you. The steam dragon claws you.
* * * LOW HITPOINT WARNING * * *
You hit the steam dragon. You freeze the steam dragon.
The steam dragon is lightly wounded.
You are engulfed in a cloud of scalding steam.
* * * LOW HITPOINT WARNING * * *
The steam dragon bites you!
* * * LOW HITPOINT WARNING * * *
The steam dragon claws you but does no damage.
You punch the steam dragon! You freeze the steam dragon!
The steam dragon is almost dead.
You are engulfed in a cloud of scalding steam.
You die...

....#............
...##.....###
.#.######..## ##.#
#...## ##.# ##...#
## #.# #...# .## ..#
##..# ####).#####
.##
#..#######..........
#...§§YD............
#.########.........#
#.# #.....!...# ...
............# ##.
####.........# #.
#.........# ..
..........# ..
.#.........#
.##.........#


You could see a steam dragon.

Vanquished Creatures
  A two-headed ogre (D:8)
  Pikel (D:8)
  Maggie (D:7)
  2 trolls
  Grinder (D:3)
  A hornet (D:10)
  A shadow (D:9)
  Sigmund (D:3)
  9 yaks
  A wyvern (D:9)
  3 acid dragons
  5 orc warriors
  A black bear (D:6)
  An ice beast (D:8)
  2 hornet zombies
  A necrophage (D:5)
  3 centaurs
  4 ogres
  A lemure (D:8)
  A kobold brigand (D:7)
  2 bullfrogs (D:8)
  A scorpion (D:6)
  2 water moccasin zombies
  5 killer bees
  5 wights (D:8)
  3 howler monkeys (D:9)
  3 lava snakes (D:8)
  A bullfrog zombie (D:6)
  8 orc priests
  2 jellies
  4 centaur skeletons
  4 hounds
  4 iguanas
  9 orc wizards
  A hound skeleton (D:4)
  2 howler monkey zombies
  8 gnolls
  4 adders
  A white imp (D:5)
  6 worms
  3 dart slugs
  33 orcs
  7 endoplasms
  2 giant cockroaches (D:1)
  7 goblins
  6 hobgoblins
  7 jackals
  3 quokkas
  7 ball pythons
  4 bats
  4 frilled lizards
  7 kobolds
  6 rats
212 creatures vanquished.

Vanquished Creatures (others)
  An orc (D:9)
  2 fungi (D:2)
  A plant (D:2)
4 creatures vanquished.

Grand Total: 216 creatures vanquished

Notes
Turn   | Place    | Note
-------+----------+-------------------------------------------
     0 | D:1      | kae the Draconian Transmuter began the quest for the Orb.
     0 | D:1      | Reached XP level 1. HP: 16/16 MP: 3/3
   170 | D:1      | Reached XP level 2. HP: 20/23 MP: 3/5
  1040 | D:2      | Reached XP level 3. HP: 25/28 MP: 4/6
  1153 | D:2      | Learned a level 3 spell: Spider Form
  2488 | D:2      | Reached XP level 4. HP: 16/35 MP: 2/7
  2779 | D:2      | Found a snail-covered altar of Cheibriados.
  2921 | D:2      | Found a faded altar of an unknown god.
  3071 | D:3      | Noticed Sigmund
  3086 | D:3      | Killed Sigmund
  3087 | D:3      | Reached skill level 1 in Poison Magic
  3087 | D:3      | Reached XP level 5. HP: 13/41 MP: 4/9
  3311 | D:3      | Found a burning altar of Makhleb.
  3542 | D:3      | Noticed Grinder
  3555 | D:3      | Killed Grinder
  3556 | D:3      | Reached XP level 6. HP: 49/50 MP: 6/10
  3582 | D:3      | Learned a level 4 spell: Ice Form
  4216 | D:4      | Your scales start taking on a rich purple colour.
  4216 | D:4      | Reached XP level 7. HP: 55/56 MP: 8/12
  4240 | D:4      | Reached skill level 5 in Unarmed Combat
  4240 | D:4      | Reached skill level 1 in Ice Magic
  4326 | D:4      | Noticed DEFE's ghost (amateur DECA)
  4327 | D:4      | Found a runed translucent door.
  4957 | D:5      | Entered Level 5 of the Dungeon
  5094 | D:5      | You fall into a shaft and drop 3 floors!
  5094 | D:8      | Noticed a two-headed ogre
  5256 | D:8      | Noticed Pikel
  5276 | D:8      | Killed Pikel
  5277 | D:8      | Reached skill level 5 in Transmutations
  5277 | D:8      | Reached XP level 8. HP: 20/66 MP: 12/14
  6915 | D:5      | Found a basalt altar of Yredelemnul.
  7272 | D:5      | Reached XP level 9. HP: 12/71 MP: 12/16
  7770 | D:6      | Reached skill level 5 in Spellcasting
  8040 | D:6      | Found a staircase to the Ecumenical Temple.
  8105 | Temple   | Entered the Ecumenical Temple
  8241 | Temple   | Became a worshipper of Ru the Awakened
  9041 | D:7      | Reached skill level 5 in Ice Magic
  9357 | D:7      | Reached skill level 5 in Fighting
  9834 | D:7      | Noticed Maggie
  9891 | D:7      | Killed Maggie
  9892 | D:7      | Reached XP level 10. HP: 30/81 MP: 14/18
 10195 | D:8      | Identified a scroll of acquirement
 10195 | D:8      | Acquired the ring of Soch {Fly AC+4}
 10503 | D:8      | Found a runed translucent gate.
 10503 | D:8      | Found a runed translucent gate.
 10504 | D:8      | Found a runed translucent gate.
 10636 | D:8      | Noticed olaf's ghost (novice GnFi)
 10972 | D:8      | Reached skill level 5 in Dodging
 11531 | D:9      | Gained mutation: You sometimes lose the ability to read
                  | scrolls when taking damage. [Ru sacrifice]
 11531 | D:9      | Reached * piety under Ru
 11846 | D:8      | Killed a two-headed ogre
 12834 | D:9      | Identified the +2 quarterstaff "Timel" {flame, +Blink Dex+5
                  | Stlth-}
 13056 | D:10     | Entered Level 10 of the Dungeon
 13360 | D:10     | Reached XP level 11. HP: 34/91 MP: 14/21
 13697 | D:10     | Engulfed by a steam dragon's steam

Illustrated notes

Levels and vault maps discovered:
D:1:      minmay_arrival_semitransparent, layout_basic, corexii_leaking_fountain
D:2:      cheibrodos_helix_gallery, layout_loops_corners,
          shapermc_ecumenical_altar_acropolis, basic_altar
D:3:      layout_rooms, mainiacjoe_overflow_chevrons, roderic_lattice_a,
          kennysheep_cross_room, uniq_grinder, uniq_sigmund
D:4:      layout_rooms, hellmonk_ghost_happy_afterlife, cheibrodos_gnoll_hut
D:5:      layout_basic, yredelemnul_altar_generic
D:6:      layout_cave_pools, lemuel_temple_firewalk_b
D:7:      layout_gridville, uniq_maggie
D:8:      layout_loops_ring, gammafunk_ghost_necromancy, kennysheep_potato,
          uniq_pikel
D:9:      layout_big_octagon
D:10:     layout_rooms
Temple:   regret_index_temple_chain_breaker

Skill      XL: |  1  2  3  4  5  6  7  8  9 10 |
---------------+-------------------------------+-----
Dodging        | 2 3 4 5 |  5.8
Fighting       | 2 3 4 5 6 |  6.6
Unarmed Combat | 4 5 6 7 9 |  9.3
Transmutations | 3 4 5 6 7 9 |  9.0
Poison Magic   | 1 |  1.5
Spellcasting   | 3 4 5 7 |  7.1
Ice Magic      | 3 4 5 |  5.0

Action                   |  1- 3 |  4- 6 |  7- 9 | 10-12 || total
-------------------------+-------+-------+-------+-------++-------
Melee: Unarmed           |    24 |    41 |   316 |   168 ||   549
       Headbutt          |    13 |     3 |       |       ||    16
       Kick              |    17 |     5 |       |       ||    22
       Tailslap          |    11 |     1 |     5 |     7 ||    24
       Dagger            |   103 |    46 |    31 |    42 ||   222
       Punch             |     1 |       |       |     4 ||     5
 Cast: Beastly Appendage |    26 |    12 |       |       ||    38
       Spider Form       |       |     6 |    36 |       ||    42
       Ice Form          |       |       |     6 |    24 ||    30
Invok: Sacrifice Words   |       |       |       |     1 ||     1
 Abil: Breathe Dispellin |       |       |     1 |       ||     1
  Use: Scroll            |     1 |     5 |    11 |     2 ||    19
       Potion            |       |       |       |     2 ||     2
 Stab: Sleeping          |     2 |       |       |     1 ||     3
Armor: Skin              |    23 |    18 |    49 |    93 ||   183
Dodge: Dodged            |    53 |    57 |   297 |   126 ||   533

Table legend: (Time is in decaauts)
 A = Elapsed time spent in this place.
 B = Non-inter-level travel time spent in this place.
 C = Inter-level travel time spent in this place.
 D = Time resting spent in this place.
 E = Time spent auto-exploring this place.
 F = Levels seen in this place.
 G = Mean time per level.
                   A        B        C        D        E       F      G
               +--------+--------+--------+--------+--------+-----+--------+
         Total |  13570 |  13043 |    527 |    363 |  10763 |  11 | 1233.6 |
       Dungeon |  13418 |  12927 |    491 |    363 |  10668 |  10 | 1341.8 |
        Temple |    151 |    115 |     36 |      0 |     95 |   1 |  151.0 |
               +--------+--------+--------+--------+--------+-----+--------+

Top non-repeatable levels by time:
     D:8: 2390 daAuts
     D:7: 2107 daAuts
     D:2: 2064 daAuts
     D:5: 1392 daAuts
     D:9: 1133 daAuts
     D:1: 1014 daAuts
     D:3: 972 daAuts
     D:4: 946 daAuts
     D:6: 763 daAuts
    D:10: 633 daAuts
  Temple: 151 daAuts
